SR
ELLESMERE ISLAND SNOWPEOPLE @ CANONNIERS DE QUEBEC
05/01/2042
 
TOP OF THE 1ST
Ellesmere Island Snowpeople batting - Pitching for Canonniers de Quebec : RHP Carl McDowell
Pitching: RHP Carl McDowell
Batting: RHB Red Greene 0-0: Ball
1-0: Fly out, F8 (Line Drive, 8LD, EV 96.2 MPH)
Batting: SHB Clive Edney 0-0: Ball
1-0: Called Strike
1-1: DOUBLE (Groundball, 5L, EV 111.9 MPH)
Batting: RHB Donald White 0-0: Called Strike
0-1: Called Strike
0-2: Ground out 6-3 (Groundball, 56, EV 109.4 MPH)
Batting: RHB Ramón Rodríguez 0-0: Called Strike
0-1: Swinging Strike
0-2: Ball
1-2: Ball
2-2: SINGLE (Flyball, 89S, EV 96.2 MPH)
Clive Edney to third
Runner from 3rd tries for Home, SAFE, no throw by CF
Batting: LHB James Moya 0-0: Ball
1-0: Ball
2-0: DOUBLE (Line Drive, 7LS, EV 92.5 MPH)
Ramón Rodríguez to third
Batting: RHB Ron Jackson 0-0: Ball
1-0: Swinging Strike
1-1: Reached on error, E6 (Groundball, 6, EV 86.2 MPH)
Ramón Rodríguez scores
James Moya to third
Batting: RHB Frank Steeneveld 0-0: Swinging Strike
0-1: Ball
1-1: Called Strike
1-2: Ball
2-2: Strikes out swinging
Top of the 1st over - 2 runs, 3 hits, 1 error, 2 left on base; Ellesmere Island 2 - Canonniers de Quebec 0
BOTTOM OF THE 1ST
Canonniers de Quebec batting - Pitching for Ellesmere Island Snowpeople : RHP Ki-seop Ch'oe
Pitching: RHP Ki-seop Ch'oe
Batting: RHB Ron Johnson 0-0: Foul Ball, location: 2F
0-1: Ball
1-1: Called Strike
1-2: Foul Ball, location: 2F
1-2: Foul Ball, location: 2F
1-2: Strikes out swinging
Batting: RHB Rich Robinson 0-0: Ball
1-0: Foul Ball, location: 2F
1-1: SINGLE (Groundball, 34D, EV 107.5 MPH)
Batting: RHB Nick West 0-0: Ball
1-0: Foul Ball, location: 2F
1-1: Foul Ball, location: 2F
1-2: Foul Ball, location: 2F
1-2: Foul Ball, location: 2F
1-2: Ball
Wild Pitch!
Rich Robinson to second
2-2: SINGLE (Line Drive, 8RS, EV 103.1 MPH)
Rich Robinson to third
Runner from 3rd tries for Home, SAFE, no throw by CF
Batting: RHB Juan Cortéz 0-0: Foul Ball, location: 2F
0-1: Fly out, F6 (Popup, 4MD, EV 72.5 MPH)
Batting: LHB Jason Longoria 0-0: Ball
Pickoff Throw to First - Out! 1-3
Bottom of the 1st over - 1 run, 2 hits, 0 errors, 0 left on base; Ellesmere Island 2 - Canonniers de Quebec 1
TOP OF THE 2ND
Ellesmere Island Snowpeople batting - Pitching for Canonniers de Quebec : RHP Carl McDowell
Batting: RHB Ramón Rodríguez 0-0: Ground out 6-3 (Groundball, 6, EV 106.9 MPH)
Batting: RHB Howard Moore 0-0: Ball
1-0: Ball
2-0: Fly out, F4 (Popup, 4S, EV 66.2 MPH)
Batting: RHB Red Greene 0-0: Called Strike
0-1: Ball
1-1: Foul Ball, location: 2F
1-2: Foul Ball, location: 2F
1-2: SINGLE (Line Drive, 89S, EV 103.1 MPH)
Batting: SHB Clive Edney 0-0: Ball
1-0: Called Strike
1-1: Ball
2-1: Fly out, F7 (Flyball, 7D, EV 95.6 MPH)
Top of the 2nd over - 0 runs, 1 hit, 0 errors, 1 left on base; Ellesmere Island 2 - Canonniers de Quebec 1
BOTTOM OF THE 2ND
Canonniers de Quebec batting - Pitching for Ellesmere Island Snowpeople : RHP Ki-seop Ch'oe
Batting: LHB Jason Longoria 0-0: Called Strike
0-1: Foul Ball, location: 2F
0-2: Strikes out swinging
Batting: RHB Cam Lloyd 0-0: Ball
1-0: Ball
2-0: Ball
3-0: Called Strike
3-1: Foul Ball, location: 2F
3-2: Strikes out swinging
Batting: LHB Jake Hill 0-0: Ball
1-0: Foul Ball, location: 2F
1-1: Called Strike
1-2: Strikes out swinging
Bottom of the 2nd over - 0 runs, 0 hits, 0 errors, 0 left on base; Ellesmere Island 2 - Canonniers de Quebec 1
TOP OF THE 3RD
Ellesmere Island Snowpeople batting - Pitching for Canonniers de Quebec : RHP Carl McDowell
Batting: RHB Donald White 0-0: Called Strike
0-1: Ball
1-1: Ball
2-1: Foul Ball, location: 2F
2-2: Foul Ball, location: 2F
2-2: Ground out 6-3 (Groundball, 6, EV 100.0 MPH)
Batting: RHB Ramón Rodríguez 0-0: Ball
1-0: Swinging Strike
1-1: Ball
2-1: Ball
3-1: Foul Ball, location: 2F
3-2: Fly out, F3 (Popup, 3SF, EV 62.5 MPH)
Batting: LHB James Moya 0-0: Called Strike
0-1: Called Strike
0-2: Fly out, F7 (Flyball, 78S, EV 75.6 MPH)
Top of the 3rd over - 0 runs, 0 hits, 0 errors, 0 left on base; Ellesmere Island 2 - Canonniers de Quebec 1
BOTTOM OF THE 3RD
Canonniers de Quebec batting - Pitching for Ellesmere Island Snowpeople : RHP Ki-seop Ch'oe
Batting: RHB Manny Costello 0-0: Called Strike
0-1: Ball
1-1: Foul Ball, location: 2F
1-2: Strikes out looking
Batting: RHB Jon Branch 0-0: Called Strike
0-1: Swinging Strike
0-2: Strikes out swinging
Batting: RHB Ron Johnson 0-0: Ball
1-0: Fly out, F3 (Popup, 3F, EV 70.0 MPH)
Bottom of the 3rd over - 0 runs, 0 hits, 0 errors, 0 left on base; Ellesmere Island 2 - Canonniers de Quebec 1
TOP OF THE 4TH
Ellesmere Island Snowpeople batting - Pitching for Canonniers de Quebec : RHP Carl McDowell
Batting: RHB Ron Jackson 0-0: Ball
1-0: Ball
2-0: Foul Ball, location: 2F
2-1: Called Strike
2-2: Strikes out looking
Batting: RHB Frank Steeneveld 0-0: Fly out, F3 (Popup, 3SF, EV 71.2 MPH)
Batting: RHB Ramón Rodríguez 0-0: Called Strike
0-1: Ball
1-1: Fly out, F7 (Line Drive, 7, EV 90.6 MPH)
Top of the 4th over - 0 runs, 0 hits, 0 errors, 0 left on base; Ellesmere Island 2 - Canonniers de Quebec 1
BOTTOM OF THE 4TH
Canonniers de Quebec batting - Pitching for Ellesmere Island Snowpeople : RHP Ki-seop Ch'oe
Batting: RHB Rich Robinson 0-0: Called Strike
0-1: Ball
1-1: Called Strike
1-2: Strikes out swinging
Batting: RHB Nick West 0-0: Ball
1-0: Ball
2-0: Foul Ball, location: 2F
2-1: Foul Ball, location: 2F
2-2: Ball
3-2: SOLO HOME RUN (Line Drive, 7D, EV 94.4 MPH), Distance : 388 ft
Batting: RHB Juan Cortéz 0-0: Ball
1-0: Ball
2-0: Called Strike
2-1: Foul Ball, location: 2F
2-2: Ball
3-2: Foul Ball, location: 2F
3-2: Base on Balls
Batting: LHB Jason Longoria 0-0: Ball
1-0: Called Strike
1-1: Swinging Strike
1-2: Fly out, F6 (Popup, 15, EV 69.4 MPH)
Batting: RHB Cam Lloyd 0-0: Ball
1-0: Ball
2-0: Ground out 1-3 (Groundball, 13, EV 83.8 MPH)
Bottom of the 4th over - 1 run, 1 hit, 0 errors, 1 left on base; Ellesmere Island 2 - Canonniers de Quebec 2
TOP OF THE 5TH
Ellesmere Island Snowpeople batting - Pitching for Canonniers de Quebec : RHP Carl McDowell
Batting: RHB Howard Moore 0-0: Foul Ball, location: 2F
0-1: Ball
1-1: Foul Ball, location: 2F
1-2: Strikes out looking
Batting: RHB Red Greene 0-0: SINGLE (Line Drive, 34D, EV 95.0 MPH)
Batting: SHB Clive Edney 0-0: Ball
1-0: Ball
2-0: Swinging Strike
2-1: Ball
3-1: Fielders Choice at 2nd, 4-6 (Groundball, 4, EV 108.8 MPH)
Batting: RHB Donald White 0-0: Ball
1-0: Ball
Clive Edney steals 2nd base
2-0: Ball
3-0: Called Strike
3-1: Foul Ball, location: 2F
3-2: DOUBLE (Line Drive, 9LS, EV 106.2 MPH)
Clive Edney scores
Batting: RHB Ramón Rodríguez 0-0: Ball
1-0: Foul Ball, location: 2F
1-1: Called Strike
1-2: Fly out, F8 (Flyball, 8RXD, EV 106.9 MPH)
Top of the 5th over - 1 run, 2 hits, 0 errors, 1 left on base; Ellesmere Island 3 - Canonniers de Quebec 2
BOTTOM OF THE 5TH
Canonniers de Quebec batting - Pitching for Ellesmere Island Snowpeople : RHP Ki-seop Ch'oe
Batting: LHB Jake Hill 0-0: Ball
1-0: Called Strike
1-1: DOUBLE (Line Drive, 7LS, EV 105.0 MPH)
Batting: RHB Manny Costello 0-0: Ground out 1-3 (Groundball, 34S, EV 73.8 MPH)
Jake Hill to third
Batting: RHB Jon Branch 0-0: Called Strike
0-1: Ball
1-1: Fly out, F3 (Popup, 23F, EV 83.1 MPH)
Batting: RHB Ron Johnson 0-0: Fly out, F9 (Line Drive, 9, EV 92.5 MPH)
Bottom of the 5th over - 0 runs, 1 hit, 0 errors, 1 left on base; Ellesmere Island 3 - Canonniers de Quebec 2
TOP OF THE 6TH
Ellesmere Island Snowpeople batting - Pitching for Canonniers de Quebec : RHP Carl McDowell
Batting: LHB James Moya 0-0: Ball
1-0: Called Strike
1-1: Ball
2-1: Fly out, F6 (Popup, 56, EV 75.6 MPH)
Pitching: LHP Tsu-wee Yeh
Batting: RHB Ron Jackson 0-0: Swinging Strike
0-1: Ball
1-1: Ball
2-1: Foul Ball, location: 2F
2-2: Foul Ball, location: 2F
2-2: Strikes out swinging
Batting: RHB Frank Steeneveld 0-0: Called Strike
0-1: Ball
1-1: Swinging Strike
1-2: Ball
2-2: Ball
3-2: SINGLE (Line Drive, 9S, EV 111.9 MPH)
Batting: RHB Ramón Rodríguez 0-0: Foul Ball, location: 2F
0-1: Ball
1-1: Called Strike
1-2: Foul Ball, location: 2F
1-2: Foul Ball, location: 2F
1-2: Strikes out looking
Top of the 6th over - 0 runs, 1 hit, 0 errors, 1 left on base; Ellesmere Island 3 - Canonniers de Quebec 2
BOTTOM OF THE 6TH
Canonniers de Quebec batting - Pitching for Ellesmere Island Snowpeople : RHP Ki-seop Ch'oe
Batting: RHB Rich Robinson 0-0: Ball
1-0: Called Strike
1-1: Ground out 1-3 (Groundball, 34S, EV 94.4 MPH)
Batting: RHB Nick West 0-0: Swinging Strike
0-1: Swinging Strike
0-2: Strikes out swinging
Batting: RHB Juan Cortéz 0-0: Called Strike
0-1: Swinging Strike
0-2: Ball
1-2: Strikes out swinging
Bottom of the 6th over - 0 runs, 0 hits, 0 errors, 0 left on base; Ellesmere Island 3 - Canonniers de Quebec 2
TOP OF THE 7TH
Ellesmere Island Snowpeople batting - Pitching for Canonniers de Quebec : LHP Tsu-wee Yeh
Batting: RHB Howard Moore 0-0: Called Strike
0-1: Ground out 6-3 (Groundball, 6, EV 89.4 MPH)
Batting: RHB Red Greene 0-0: DOUBLE (Line Drive, 5D, EV 98.8 MPH)
Batting: SHB Clive Edney 0-0: Fly out, F8 (Flyball, 89S, EV 77.5 MPH)
Batting: RHB Donald White 0-0: Ball
1-0: Ball
2-0: Called Strike
2-1: Ball
3-1: Base on Balls
Batting: RHB Ramón Rodríguez 0-0: Called Strike
0-1: Ball
1-1: Foul Ball, location: 2F
1-2: Foul Ball, location: 2F
1-2: Ball
2-2: Ball
3-2: Base on Balls
Red Greene to third
Donald White to second
Batting: LHB James Moya 0-0: Called Strike
0-1: Fly out, F6 (Popup, 56, EV 71.2 MPH)
Top of the 7th over - 0 runs, 1 hit, 0 errors, 3 left on base; Ellesmere Island 3 - Canonniers de Quebec 2
BOTTOM OF THE 7TH
Canonniers de Quebec batting - Pitching for Ellesmere Island Snowpeople : RHP Ki-seop Ch'oe
Batting: LHB Jason Longoria 0-0: Ball
1-0: Ball
2-0: Ground out 1-3 (Groundball, 13, EV 88.8 MPH)
Batting: RHB Cam Lloyd 0-0: Foul Ball, location: 2F
0-1: Ball
1-1: Ball
2-1: Ball
3-1: Foul Ball, location: 2F
3-2: Strikes out swinging
Batting: LHB Jake Hill 0-0: Called Strike
0-1: Called Strike
0-2: Ball
1-2: Ground out 1-3 (Groundball, 13S, EV 73.1 MPH)
Bottom of the 7th over - 0 runs, 0 hits, 0 errors, 0 left on base; Ellesmere Island 3 - Canonniers de Quebec 2
TOP OF THE 8TH
Ellesmere Island Snowpeople batting - Pitching for Canonniers de Quebec : LHP Tsu-wee Yeh
Batting: RHB Ron Jackson 0-0: SINGLE (Groundball, 6S, EV 71.2 MPH) (infield hit)
Pitching: RHP Santiago Proximo
Batting: RHB Frank Steeneveld 0-0: Ball
1-0: Ball
2-0: Called Strike
2-1: Foul Ball, location: 2F
2-2: Foul Ball, location: 2F
2-2: Strikes out swinging
Batting: RHB Ramón Rodríguez 0-0: Foul Ball, location: 2F
0-1: Called Strike
0-2: Ball
1-2: Foul Ball, location: 2F
1-2: Grounds into double play, 4-6-3 (Groundball, 4, EV 89.4 MPH)
Top of the 8th over - 0 runs, 1 hit, 0 errors, 0 left on base; Ellesmere Island 3 - Canonniers de Quebec 2
BOTTOM OF THE 8TH
Canonniers de Quebec batting - Pitching for Ellesmere Island Snowpeople : RHP Ki-seop Ch'oe
Pitching: LHP Luis Ornelas
Now at C: Sergio Herrera
Batting: RHB Manny Costello 0-0: Called Strike
0-1: Foul Ball, location: 2F
0-2: Ball
1-2: Foul Ball, location: 2F
1-2: TRIPLE (Flyball, 78XD, EV 109.4 MPH)
Batting: RHB Jon Branch 0-0: Swinging Strike
0-1: Fly out, F8 (Line Drive, 8RM, EV 93.1 MPH)
Runner from 3rd tags up, SCORES, no throw by CF
Batting: RHB Ron Johnson 0-0: Reached on error, E4 (Groundball, 4M, EV 85.0 MPH)
Batting: RHB Rich Robinson 0-0: Called Strike
0-1: Ball
1-1: Swinging Strike
1-2: SINGLE (Groundball, 56S, EV 67.5 MPH) (infield hit)
Ron Johnson to third
Batting: RHB Nick West 0-0: Ball
1-0: Called Strike
1-1: Ball
2-1: Ball
3-1: Foul Ball, location: 2F
3-2: SINGLE (Groundball, 5, EV 90.0 MPH) (infield hit)
Ron Johnson scores
Rich Robinson to second
Batting: RHB Juan Cortéz 0-0: Foul Ball, location: 2F
0-1: Ball
1-1: Foul Ball, location: 2F
1-2: SINGLE (Groundball, 4MD, EV 100.6 MPH)
Rich Robinson to third
Nick West to second
Batting: LHB Jason Longoria 0-0: Called Strike
0-1: Foul Ball, location: 2F
0-2: Foul Ball, location: 2F
0-2: Fly out, F8 (Line Drive, 8LM, EV 103.8 MPH)
Runner from 3rd tags up, SCORES, no throw by CF
Pitching: RHP Umayr bin Yazid
Batting: RHB Cam Lloyd 0-0: Called Strike
0-1: Called Strike
0-2: Strikes out swinging
Bottom of the 8th over - 3 runs, 4 hits, 1 error, 2 left on base; Ellesmere Island 3 - Canonniers de Quebec 5
TOP OF THE 9TH
Ellesmere Island Snowpeople batting - Pitching for Canonniers de Quebec : RHP Santiago Proximo
Pitching: LHP François L'Écuyer
Now in RF: Arturo Costa
Batting: RHB Howard Moore 0-0: Ball
1-0: Foul Ball, location: 2F
1-1: Fly out, F8 (Line Drive, 8RM, EV 106.9 MPH)
Batting: RHB Red Greene 0-0: Ball
1-0: Ball
2-0: Ball
3-0: Called Strike
3-1: Called Strike
3-2: Base on Balls
Pinch Hitting: LHB Robin Tremayne 0-0: Ball
1-0: Fly out, F6 (Flyball, 56D, EV 88.1 MPH)
Batting: RHB Donald White 0-0: Ball
1-0: Called Strike
1-1: Hit by Pitch
Red Greene to second
Batting: RHB Sergio Herrera 0-0: Ground out 4-3 (Groundball, 4, EV 108.8 MPH)
Top of the 9th over - 0 runs, 0 hits, 0 errors, 2 left on base; Ellesmere Island 3 - Canonniers de Quebec 5
Friday, March 26th, 2021 - OOTP Baseball 20.8 Build 74